AoeStats
← Брат разраба

Fortress

507816285Analyzed
4v4 RM · 11d ago on Sep 19, 2026· 49m 33s· 8 players
Game mode
Random Map
Map size
Huge
Population
200
Speed
Normal
Resources
Standard
Victory
Conquest
Starting age
Dark Age
Ending age
Imperial Age
RankedLock teamsTeams togetherTeam positionsShared explorationLock speedFull tech treeHidden civsTurbo modeCheats
Victory
Defeat
🇷🇺 Huns · Russia
981
+13
🇫🇷 Koreans · France
980
+13
🇬🇧 Bengalis · United Kingdom
964
+14
🇫🇮 Vietnamese · Finland
963
+14
🇦🇷 Byzantines · Argentina
950
-16
🇦🇷 Khitans · Argentina
914
-13
🇦🇷 Goths · Argentina
913
-13
🇦🇷 Franks · Argentina
880
-12
TomJerry
0:28 Loom
7:50 Feudal Age
11:56 Castle Age
9:48 Double-Bit Axe
10:04 Horse Collar
12:04 Wheelbarrow
13:21 Bow Saw
13:11 Heavy Plow
14:02 Hand Cart
15:45 Stone Mining
20:12 Gold Mining
27:27 Imperial Age
25:03 Padded Archer Armor
25:14 Forging
25:32 Fletching
25:54 Fortified Wall
25:50 Pikeman
25:51 Man-at-Arms
26:31 Squires
26:17 Arson
26:37 Chatras
26:43 Scale Mail Armor
27:53 Iron Casting
27:48 Leather Archer Armor
27:29 Bodkin Arrow
28:10 Town Watch
27:49 Halberdier
29:31 Paper Money
29:50 Ballistics
31:39 Chemistry
30:35 Murder Holes
31:52 Ring Archer Armor
31:22 Bracer
31:38 Chain Mail Armor
32:43 Two-Man Saw
32:14 Crop Rotation
31:31 Elite Rattan Archer
32:25 Caravan
32:55 Coinage
32:53 Long Swordsman
34:38 Plate Mail Armor
34:14 Scale Barding Armor
34:50 Two-Handed Swordsman
34:50 Elite Fire Lancer
35:01 Elite Battle Elephant
38:01 Bombard Tower
39:23 Chain Barding Armor
39:02 Champion
44:29 Plate Barding Armor
45:08 Siege Engineers
49:28 Coinage
49:09 Guilds
Truck Got Stuck
6:45 Loom
8:44 Feudal Age
10:19 Double-Bit Axe
11:21 Horse Collar
15:04 Castle Age
14:25 Wheelbarrow
17:34 Heavy Plow
17:45 Bow Saw
27:26 Imperial Age
25:33 Caravan
26:07 Fletching
26:17 Padded Archer Armor
26:23 Scale Barding Armor
28:00 Ballistics
27:52 Fortified Wall
27:03 Pikeman
27:44 Squires
27:29 Arson
27:52 Husbandry
28:03 Halberdier
31:04 Crop Rotation
30:26 Town Watch
30:57 Hand Cart
31:21 Forging
31:06 Bodkin Arrow
31:27 Leather Archer Armor
31:34 Chain Barding Armor
31:14 Scale Mail Armor
32:18 Chemistry
31:51 Elite Elephant Archer
33:08 Conscription
33:02 Town Patrol
33:48 Gold Mining
34:49 Elite Skirmisher
36:44 Plate Barding Armor
36:42 Ring Archer Armor
36:38 Bracer
37:15 Iron Casting
36:55 Chain Mail Armor
38:22 Paiks
39:24 Gold Shaft Mining
45:16 Siege Elephant
Брат разраба
7:42 Feudal Age
6:00 Loom
12:38 Castle Age
13:05 Bloodlines
13:41 Husbandry
13:37 Double-Bit Axe
16:07 Bow Saw
18:54 Stone Mining
19:48 Horse Collar
20:58 Fervor
21:10 Gold Mining
22:14 Wheelbarrow
23:30 Forging
23:29 Scale Barding Armor
26:27 Forging
26:38 Chain Barding Armor
27:00 Heavy Plow
31:43 Imperial Age
31:38 Iron Casting
32:36 Caravan
33:28 Hand Cart
32:59 Town Watch
35:09 Conscription
35:12 Atheism
37:22 Plate Barding Armor
38:39 Elite Tarkan
40:43 Coinage
40:32 Scale Mail Armor
41:33 Chain Mail Armor
42:20 Blast Furnace
42:03 Squires
41:24 Pikeman
41:50 Arson
44:30 Halberdier
47:03 Fletching
tarmineldur
2:22 Loom
6:44 Feudal Age
12:42 Castle Age
11:14 Double-Bit Axe
11:25 Horse Collar
11:56 Town Watch
13:43 Bow Saw
18:48 Wheelbarrow
20:01 Fletching
20:50 Gold Mining
21:12 Heavy Plow
24:47 Imperial Age
23:29 Hand Cart
23:30 Bodkin Arrow
24:09 Stone Mining
24:56 Gold Shaft Mining
24:26 Husbandry
24:02 Light Cavalry
25:23 Thumb Ring
24:43 Crossbowman
28:00 Town Patrol
29:08 Chemistry
29:38 Ballistics
29:41 Conscription
29:52 Masonry
30:00 Arbalester
32:15 Architecture
33:01 Two-Man Saw
34:19 Bracer
34:30 Forging
34:25 Scale Barding Armor
35:41 Siege Engineers
34:58 Hussar
36:25 Fortified Wall
37:31 Iron Casting
40:16 Chain Barding Armor
39:49 Arrowslits
40:00 Murder Holes
39:47 Treadmill Crane
Nj.-
7:41 Feudal Age
5:58 Loom
12:17 Double-Bit Axe
15:03 Castle Age
12:59 Gold Mining
16:34 Lamellar Armor
17:03 Stone Mining
18:17 Wheelbarrow
21:35 Forging
25:57 Imperial Age
23:51 Hand Cart
25:33 Fletching
25:46 Scale Mail Armor
25:34 Town Watch
26:54 Ballistics
27:14 Fortified Wall
28:05 Chemistry
28:31 Bow Saw
29:36 Elite Liao Dao
30:42 Chain Mail Armor
32:28 Iron Casting
37:12 Padded Archer Armor
41:47 Plate Mail Armor
41:48 Elite Steppe Lancer
46:41 Husbandry
49:09 Scale Barding Armor
gabito
2:46 Loom
8:17 Feudal Age
9:37 Feudal Age
13:14 Castle Age
11:02 Double-Bit Axe
11:00 Horse Collar
19:20 Bow Saw
19:50 Wheelbarrow
21:44 Gold Mining
22:22 Forging
22:19 Heavy Plow
25:14 Imperial Age
23:28 Gold Shaft Mining
24:40 Fortified Wall
24:11 Treadmill Crane
25:22 Scale Barding Armor
25:09 Fletching
25:43 Heavy Camel Rider
27:19 Husbandry
28:39 Hand Cart
28:54 Logistica
30:00 Iron Casting
31:05 Conscription
31:50 Chemistry
31:11 Ballistics
30:58 Elite Cataphract
32:40 Stone Mining
32:12 Cavalier
33:36 Chain Barding Armor
33:13 Bodkin Arrow
35:55 Paladin
39:32 Caravan
42:12 Plate Barding Armor
45:10 Light Cavalry
46:03 Thumb Ring
47:25 Elite Skirmisher
48:10 Bracer
48:11 Padded Archer Armor
FAL ✪
2:05 Loom
8:41 Feudal Age
9:56 Loom
10:26 Double-Bit Axe
12:47 Castle Age
10:40 Horse Collar
12:10 Wheelbarrow
16:26 Wheelbarrow
16:55 Town Watch
18:18 Bow Saw
18:12 Heavy Plow
18:11 Gold Mining
20:48 Man-at-Arms
21:29 Squires
22:27 Long Swordsman
22:28 Pikeman
23:23 Forging
27:54 Imperial Age
25:39 Scale Mail Armor
27:59 Iron Casting
27:40 Chain Mail Armor
27:17 Fletching
28:14 Two-Handed Swordsman
28:15 Halberdier
29:49 Champion
30:41 Perfusion
30:55 Stone Mining
31:42 Conscription
32:40 Blast Furnace
31:59 Bodkin Arrow
32:35 Ballistics
33:01 Crop Rotation
38:19 Anarchy
42:50 Elite Skirmisher
44:16 Bracer
44:17 Padded Archer Armor
48:07 Leather Archer Armor
49:03 Chemistry
Curry-
10:38 Feudal Age
12:09 Gold Mining
12:11 Double-Bit Axe
13:50 Wheelbarrow
16:31 Castle Age
14:18 Town Watch
14:20 Loom
15:52 Stone Mining
20:10 Gold Shaft Mining
19:49 Bow Saw
29:00 Imperial Age
27:26 Hand Cart
27:56 Forging
27:46 Scale Mail Armor
27:40 Fletching
27:51 Padded Archer Armor
27:48 Fletching
28:09 Forging
28:00 Scale Mail Armor
29:25 Caravan
30:03 Iron Casting
29:33 Scale Barding Armor
30:14 Conscription
30:23 #83
30:49 Ballistics
31:30 Chemistry
30:42 Fortified Wall
30:46 Cavalier
31:27 Husbandry
31:45 Chivalry
34:06 Blast Furnace
33:22 Chain Mail Armor
33:27 Chain Barding Armor
33:45 Elite Throwing Axeman
35:19 Paladin
41:05 Plate Mail Armor
41:10 Plate Barding Armor
40:31 Bodkin Arrow
41:39 Murder Holes
Connection lost

Rejoining the realm…

Still unreachable

The connection could not be restored.

Session expired

The server has moved on; the page needs a fresh start.